[Event "Early-Titled-Tuesday-Blitz-October-17-2023"]
[Site "Chess.com"]
[Date "2023.10.17"]
[Round "9"]
[White "MMAHDI2013"]
[Black "Ishowmoves57"]
[Result "1-0"]
[WhiteElo "2454"]
[BlackElo "2217"]
[TimeControl "180+1"]
[EndTime "9:49:12 PDT"]
[Termination "MMAHDI2013 won by checkmate"]

1. c4 e6 2. Nf3 Nf6 3. g3 d5 4. Bg2 Be7 5. O-O O-O 6. b3 c6 7. Bb2 Nbd7 8. d4 Ne4 9. Nc3 f5 10. Ne5 Nxe5 11. dxe5 Nxc3 12. Bxc3 dxc4 13. Qxd8 Rxd8 14.
bxc4 Bd7 15. Rab1 Rab8 16. e4 g6 17. f4 b6 18. Rfd1 Be8 19. Kf2 c5 20. exf5 gxf5 21.
Bf3 Rxd1 22. Rxd1 Rd8 23. Rc1 Ba4 24. g4 fxg4 25. Bxg4 Bd7 26. Rg1 Kh8 27. f5 Rf8 28. f6 Bd8 29. Bd2 Rg8 30. Bh6 Rg6 31. f7 Be7 32. f8=Q+ Bxf8 33. Bxf8 Kg8 34. Be7 Kf7 35. Bf6 Kf8 36. Bh5 Rxg1 37. Kxg1 Bc6 38. Be2 Be4 39. Kf2 Bb1 40. a3 a6 41. Ke3 Bf5 42.
Bd8 b5 43. cxb5 axb5 44. Bxb5 Bc2 45. a4 Bb3 46. a5 c4 47. Kd4 c3 48. Kxc3 Bd5 49. a6 Kg7 50. a7 Kg6 51. Kb4 Kh5 52.
Kc5 Kg4 53. Bc6 Bxc6 54. Kxc6 Kh3 55. a8=Q Kxh2 56. Qb7 h5 57. Qh7 h4 58. Qxh4+ Kg2 59. Qe7 Kf1 60. Qxe6 Kg1 61. Kd7 Kh1 62. Qd6 Kh2 63.
e6+ Kh1 64. e7 Kg1 65. e8=Q Kh1 66. Qe1+ Kg2 67. Qe2+ Kh1 68. Qdh2# 1-0

[Event "Early-Titled-Tuesday-Blitz-October-17-2023"]
[Site "Chess.com"]
[Date "2023.10.17"]
[Round "9"]
[White "Jospem"]
[Black "Mykola-Bortnyk"]
[Result "1-0"]
[WhiteElo "3125"]
[BlackElo "2991"]
[TimeControl "180+1"]
[EndTime "9:49:13 PDT"]
[Termination "Jospem won on time"]

1. e4 Nf6 2. e5 Nd5 3. d4 d6 4. exd6 exd6 5. c4 Nb6 6. Nc3 Be7 7. Be3 O-O 8. Bd3 Nc6 9. Nge2 Bg4 10. b3 Bf6 11.
O-O Re8 12. Qd2 Bh5 13. Rfe1 Bg6 14. Bxg6 hxg6 15. d5 Ne5 16. Ng3 Ng4 17. Bd4 Nd7 18. Nce4 Bxd4 19. Qxd4 Ngf6 20. Ng5 Nh7 21. Nf3 Qf6 22.
Qd2 Ne5 23. Nxe5 dxe5 24. Rad1 Rad8 25. Ne4 Qf5 26. Qe3 b6 27. d6 c5 28. Rd5 Nf6 29.
Nxf6+ gxf6 30. Red1 Rd7 31. a3 Red8 32. h3 Qe6 33. Qd3 a5 34. Qd2 Kg7 35. b4 axb4 36. axb4 cxb4 37. Qxb4 Rc8 38. Qb5 e4 39. Qxb6 Rxc4 40.
Qe3 Rc6 41. Qf4 g5 42. Qg3 Kf8 43. R5d4 Qe5 44. Qa3 Kg7 45. Rd5 Qf4 46. g3 Qf3 47. Qxf3 exf3 48. g4 Kg6 49. Kh2 f5 50. gxf5+ Kf6 51.
Kg3 Rb6 52. R1d3 Rb4 53. Rxf3 Re4 54. Rc3 Re5 55. Rcc5 Rxd5 56. Rxd5 Kg7 57. f4 Kf6 58. Kg4 gxf4 59. Kxf4 Kg7 60. Ke5 Kf8 61. Kf6 Ke8 62.
Kg7 Kd8 63. f6 Rb7 64. h4 Kd7 65. h5 Rb1 66. Rg5 1-0

[Event "Early-Titled-Tuesday-Blitz-October-17-2023"]
[Site "Chess.com"]
[Date "2023.10.17"]
[Round "9"]
[White "The_Machine04"]
[Black "Witik"]
[Result "1/2-1/2"]
[WhiteElo "2704"]
[BlackElo "2822"]
[TimeControl "180+1"]
[EndTime "9:49:15 PDT"]
[Termination "Game drawn by repetition"]

1. d4 Nf6 2. Nf3 g6 3. Nbd2 d5 4. e3 Bg7 5. b4 O-O 6. c4 c6 7. Be2 a5 8. b5 cxb5 9. cxb5 Bf5 10. a4 Nbd7 11. Ba3 Ne4 12. Rc1 Rc8 13. Rxc8 Qxc8 14. Nxe4 Bxe4 15. O-O Re8 16. Qb3 e5 17. Rc1 Qb8 18.
b6 exd4 19. Nxd4 Bxd4 20. exd4 Qf4 21. Bb5 Rd8 22. Qg3 Qxg3 23. hxg3 Nxb6 24. Rc7 Nc4 25. Be7 Rb8 26. Bf6 Nd6 27. Bd7 Ne8 28. Bxe8 Rxe8 29. Rxb7 Bc2 30. Rb5 Bxa4 31. Rxd5 Ra8 32. Rc5 Be8 33. d5 a4 34. d6 a3 35. Rc7 a2 36. Kh2 h6 37. Ba1 Rd8 38. Ra7 Rxd6 39. Ra8 Re6 40. Rxa2 g5 41. Ra3 Kh7 42. f3 Kg6 43.
Ra8 Bc6 44. Rg8+ Kf5 45. g4+ Kf4 46. Rg7 Be8 47. Rh7 Ke3 48. Rh8 Ke2 49. Bg7 Kf1 50. Bxh6 Re2 51. Bxg5 Rxg2+ 52. Kh3 Bc6 53. Rc8 Bxf3 54.
Rc1+ Ke2 55. Rc2+ Kf1 56. Rc1+ Ke2 57. Rc2+ Kf1 58. Rxg2 Bxg2+ 59. Kg3 Bd5 60. Bf6 Be6 61. g5 Bf5 62. Kf4 Bg6 63. Ke5 Ke2 64. Kd6 Kf3 65. Ke7 Ke4 66. Kf8 Kd5 67. Kg7 Ke6 68.
Kh6 Kd5 69. Kg7 Ke6 70. Kh6 Kd5 71. Kg7 1/2-1/2

[Event "Early-Titled-Tuesday-Blitz-October-17-2023"]
[Site "Chess.com"]
[Date "2023.10.17"]
[Round "9"]
[White "Kostya0705"]
[Black "GMaka"]
[Result "0-1"]
[WhiteElo "2630"]
[BlackElo "2532"]
[TimeControl "180+1"]
[EndTime "9:49:18 PDT"]
[Termination "GMaka won by resignation"]

1. e4 c6 2. d4 d5 3. e5 c5 4.
dxc5 Nc6 5. f4 Nh6 6. Nf3 Bg4 7.
Be3 Nf5 8. Bf2 e6 9. h3 Bxf3 10. Qxf3 Qa5+ 11. c3 Bxc5 12. Nd2 h5 13. Bd3 Bxf2+ 14.
Qxf2 g6 15. g3 Qc7 16. O-O-O O-O-O 17. g4 Nfe7 18. Kb1 Kb8 19. Nb3 g5 20. Rhe1 hxg4 21.
hxg4 Rdg8 22. Nd4 gxf4 23. Qxf4 Ng6 24. Bxg6 Rxg6 25. Nxc6+ bxc6 26. Rd4 Rhg8 27. Qf3 Rg5 28. c4 Rxe5 29. Rc1 Rgg5 30. Rf4 f5 31. cxd5 Rxd5 32. Qb3+ Qb7 33. Rb4 Rb5 34. Rxb5 Qxb5 35. Qxe6 Rxg4 36.
Rd1 Kb7 37. b3 Re4 38. Qf7+ Ka6 39. Rd7 Re1+ 40. Kb2 Qe5+ 41. Ka3 Qc5+ 42. b4 Re3+ 43. Qb3 Rxb3+ 44. axb3 Qb5 45. Rf7 Qe5 46. Rf8 Kb6 47.
Ka4 a6 48. Rf7 Qb5+ 49. Ka3 Qd5 50. Rf8 a5 51. Rb8+ Kc7 52. Ra8 axb4+ 53. Kxb4 Qd6+ 54.
Ka4 Qd4+ 55. b4 f4 56. Rf8 Qe4 57. Rf7+ Kd6 58. Rf6+ Ke7 59. Rh6 c5 60. Kb5 Qxb4+ 61.
Kc6 f3 62. Rh7+ Kf6 63. Rh8 Kg5 64. Rg8+ Kf4 65. Rf8+ Ke3 66. Re8+ Kf2 67. Rf8 Qe4+ 68. Kb6 Qe3 69. Kb5 Ke2 70. Kc4 f2 71. Ra8 f1=Q 0-1

[Event "Early-Titled-Tuesday-Blitz-October-17-2023"]
[Site "Chess.com"]
[Date "2023.10.17"]
[Round "9"]
[White "Nekoo04"]
[Black "DonCiao"]
[Result "1/2-1/2"]
[WhiteElo "2245"]
[BlackElo "2103"]
[TimeControl "180+1"]
[EndTime "9:49:21 PDT"]
[Termination "Game drawn by agreement"]

1. d4 Nf6 2. c4 g6 3. Nc3 d5 4.
Nf3 Bg7 5. e3 O-O 6. Qb3 dxc4 7.
Bxc4 c5 8. d5 Nbd7 9. O-O Nb6 10. e4 Nxc4 11. Qxc4 Nd7 12. Be3 b6 13. Bf4 Bb7 14.
e5 e6 15. dxe6 fxe6 16. Qxe6+ Kh8 17. Rfd1 Bxf3 18. Rxd7 Qe8 19. Re7 Qc6 20. Bg5 Qxe6 21. Rxe6 Bg4 22. Re7 Rfe8 23. Rxe8+ Rxe8 24. f4 h6 25. Bh4 g5 26. fxg5 Bxe5 27. gxh6 Bd4+ 28. Bf2 Bxc3 29. bxc3 Re2 30. h3 Bh5 31. g4 Bg6 32. h4 Be4 33. Re1 Rxe1+ 34. Bxe1 Kh7 35. Kf2 Kxh6 36.
Ke3 Bd5 37. a3 a5 38. Kf4 Kg6 39. Ke5 Bf3 40. Bd2 Bxg4 41. Kd6 c4 42. Kc6 a4 43. Kxb6 Bd1 44. Kc5 Bb3 45. Kd4 Kh5 46. Be1 Kg4 47. Ke5 Kh5 48. Kf6 Kg4 49. Kg6 Bc2+ 50. Kh6 Kf5 51. h5 Bd1 52. Bh4 Bf3 53. Be7 Bg4 54. Bd8 Bf3 55. Bh4 Bg4 56. Bf2 Bf3 57. Bc5 Bg4 58.
Bb4 Bf3 59. Ba5 Bg4 60. Bb6 Bf3 61. Kg7 Bxh5 62. Kf8 Bd1 63. Ke7 Bb3 64. Kd6 Ke4 65.
Kc5 Kd3 66. Kb4 Kc2 67. Bc5 Kb2 68. Bd6 Ka2 1/2-1/2

[Event "Early-Titled-Tuesday-Blitz-October-17-2023"]
[Site "Chess.com"]
[Date "2023.10.17"]
[Round "9"]
[White "jcibarra"]
[Black "Doomfist26"]
[Result "1-0"]
[WhiteElo "2878"]
[BlackElo "2626"]
[TimeControl "180+1"]
[EndTime "9:49:22 PDT"]
[Termination "jcibarra won on time"]

1. e4 e6 2. d4 d5 3. Nc3 Nc6 4. e5 f6 5. Bb5 a6 6. Bxc6+ bxc6 7. Nf3 c5 8. dxc5 Bxc5 9. O-O f5 10. Na4 Ba7 11. b4 Ne7 12. Nd4 O-O 13. Bg5 Qe8 14.
Bxe7 Qxe7 15. c3 Bd7 16. Rb1 f4 17. Nb2 Bxd4 18. Qxd4 f3 19. g3 Qg5 20. Rfe1 Bb5 21.
Nd1 Rf5 22. Ne3 Rf7 23. h4 Qg6 24. Qg4 Qh6 25. Qg5 Qxg5 26. hxg5 Be2 27. g4 Rf4 28.
Kh2 Re4 29. Nc2 Rxg4 30. Rg1 Re4 31. Nd4 Rxe5 32. Rg4 Rf8 33. Re1 a5 34. bxa5 c5 35. Nc6 Re4 36. Rxe4 dxe4 37. Kg3 e3 38. a6 exf2 39.
Kxf2 Bxa6 40. Rxe6 Bc4 41. Re5 Bxa2 42. Rxc5 h6 43.
g6 Bb1 44. Ne7+ Kh8 45. Rb5 Be4 46. Re5 Bd3 47. Re3 Be2 48. Re4 Re8 49. Re5 Rd8 50. Rc5 Re8 51. c4 Bd3 52. Rc7 Rd8 53. c5 Bb5 54.
Kxf3 Re8 55. Kf4 Rf8+ 56. Ke5 h5 57. Rb7 Be8 58. c6 h4 59. Rb4 1-0

[Event "Early-Titled-Tuesday-Blitz-October-17-2023"]
[Site "Chess.com"]
[Date "2023.10.17"]
[Round "9"]
[White "HanSchut"]
[Black "noblerone"]
[Result "0-1"]
[WhiteElo "2330"]
[BlackElo "2513"]
[TimeControl "180+1"]
[EndTime "9:49:23 PDT"]
[Termination "noblerone won on time"]

1. e4 d5 2. exd5 Qxd5 3. Nc3 Qd8 4.
d4 Nf6 5. Nf3 Bg4 6. h3 Bxf3 7.
Qxf3 c6 8. Bf4 e6 9. O-O-O Nbd7 10. g4 Bb4 11. Ne4 Nxe4 12. Qxe4 Nf6 13. Qf3 Qd5 14. Qxd5 Nxd5 15. Be3 O-O 16. c3 Bd6 17. Bg2 Rac8 18. Kb1 a6 19. Rhe1 Rfd8 20. Bd2 b5 21. a3 a5 22. Rf1 Nb6 23. f4 Nc4 24. Bc1 b4 25. axb4 axb4 26. f5 bxc3 27. bxc3 e5 28. d5 cxd5 29. Rxd5 Nb6 30. Rd3 Na4 31. Kc2 Nc5 32. Rd5 Na6 33. Rfd1 Nb4+ 34. Kb3 Nxd5 35. Rxd5 Bc7 36. c4 Rxd5 37. Bxd5 Bd6 38. Kc2 Kf8 39.
Kd3 Bc5 40. Ke4 f6 41. g5 Ke7 42. h4 Rb8 43. h5 Rb1 44. h6 gxh6 45. gxf6+ Kxf6 46.
Bxh6 Re1+ 47. Kf3 Kxf5 48. Bg7 e4+ 49. Kg2 Re2+ 50. Kf1 Rf2+ 51. Ke1 Rf4 52. Bc3 h5 53. Bd2 Rg4 54. Kd1 h4 55. Bb7 Ke5 56. Bc8 Rg1+ 57. Kc2 Rg2 58. Kc1 e3 59. Bc3+ Bd4 60. Bb4 Rg1+ 61.
Kc2 e2 0-1

[Event "Early-Titled-Tuesday-Blitz-October-17-2023"]
[Site "Chess.com"]
[Date "2023.10.17"]
[Round "9"]
[White "borocotoajua"]
[Black "FunnyDuck66"]
[Result "1/2-1/2"]
[WhiteElo "2586"]
[BlackElo "2481"]
[TimeControl "180+1"]
[EndTime "9:49:24 PDT"]
[Termination "Game drawn by repetition"]

1. d4 Nf6 2. Nf3 e6 3. c4 Bb4+ 4. Nbd2 O-O 5. g3 d6 6. Bg2 Nc6 7.
O-O Bxd2 8. Bxd2 Qe7 9. Qc2 a5 10. Rfe1 e5 11. d5 Nb8 12. c5 dxc5 13. Nh4 Qd6 14.
Rac1 b6 15. f4 e4 16. Bc3 Bb7 17. Nf5 Qd8 18. Rcd1 Re8 19. d6 Nbd7 20. g4 Nd5 21. Nxg7 Nxf4 22. Nxe8 Qxe8 23. e3 Nd3 24. Rf1 cxd6 25.
Qe2 N7e5 26. Rf5 Bc8 27. Rg5+ Ng6 28. Rxd3 exd3 29. Qxd3 Ra7 30. h4 h6 31. Rxg6+ fxg6 32. Be4 Kh7 33. h5 Qe6 34. Bxg6+ Kg8 35. Bf5 Qe8 36.
Bxc8 Qxc8 37. Qg6+ Kf8 38. Qxh6+ Ke8 39. Qh8+ Kd7 40.
Qh7+ Kc6 41. Qxa7 Qxg4+ 42. Kf2 Qf5+ 43. Ke1 Qc2 44. Qa8+ Kb5 45. Qe8+ Kc4 46. Qf7+ d5 47. Qf4+ Kb5 48. a4+ Kc6 49. Qf6+ Kb7 50. Qf7+ Ka6 51. Qf4 Qb1+ 52. Kf2 Qc2+ 53. Kg3 Qh7 54. Qf3 Qg7+ 55.
Qg4 Qe7 56. Qe2+ Kb7 57. h6 Qd6+ 58. Kg2 Qxh6 59. Qg4 Qxe3 60. Qd7+ Ka6 61. Qb5+ Kb7 62. Qd7+ Ka6 63. Qc8+ Ka7 64. Qd7+ Ka6 1/2-1/2

[Event "Early-Titled-Tuesday-Blitz-October-17-2023"]
[Site "Chess.com"]
[Date "2023.10.17"]
[Round "9"]
[White "js20000"]
[Black "Yeremyan_ChessMate"]
[Result "0-1"]
[WhiteElo "2876"]
[BlackElo "2752"]
[TimeControl "180+1"]
[EndTime "9:49:25 PDT"]
[Termination "Yeremyan_ChessMate won by resignation"]

1. Nf3 Nf6 2. c4 g6 3. b3 Bg7 4. Bb2 O-O 5. e3 d5 6. cxd5 Qxd5 7. Nc3 Qf5 8. d4 c5 9. Bd3 Qh5 10. O-O Nc6 11. dxc5 Rd8 12. Qe2 Bg4 13. Na4 e5 14. e4 Bxf3 15. gxf3 Nd4 16. Bxd4 Rxd4 17. Rfd1 Rad8 18.
Bc4 Qg5+ 19. Kh1 Nh5 20. Rxd4 exd4 21. Rg1 Qe7 22. Qd2 Be5 23. Qg5 Qxg5 24. Rxg5 d3 25. Rxe5 d2 26. Nb2 d1=Q+ 27. Nxd1 Rxd1+ 28. Kg2 Kf8 29.
f4 f6 30. Be2 Rd2 31. Rxh5 gxh5 32. Bxh5 Rxa2 33. e5 fxe5 34. fxe5 Rb2 35. Bd1 Ke7 36. Kg3 Rd2 37. Bf3 Rd3 38. Kf4 Rxb3 39. Bd5 Rb5 40.
Ke4 a5 41. f4 Rxc5 42. f5 Rc1 43.
f6+ Kd7 44. e6+ Kd6 45. e7 Re1+ 46. Kd4 b5 47. Be4 Kd7 48. Bxh7 Rxe7 49. fxe7 Kxe7 50.
Bd3 Kf6 51. Bxb5 Kg7 52. Bf1 a4 53. Kc4 a3 54. Kb3 a2 55. Ka4 a1=Q+ 56. Kb3 Qxf1 57.
h4 Qf4 58. h5 Qg5 59. h6+ Qxh6 60. Kc4 Qd6 61. Kc3 Qd5 62. Kc2 Qd4 63. Kb3 Qc5 64. Kb2 Qc4 65. Ka1 Qe2 66. Kb1 Kf6 0-1

[Event "Early-Titled-Tuesday-Blitz-October-17-2023"]
[Site "Chess.com"]
[Date "2023.10.17"]
[Round "9"]
[White "stollenmonster"]
[Black "Karttunen"]
[Result "1/2-1/2"]
[WhiteElo "2783"]
[BlackElo "2583"]
[TimeControl "180+1"]
[EndTime "9:49:25 PDT"]
[Termination "Game drawn - insufficient material"]

1. e4 c5 2. Nf3 Nc6 3. Nc3 Nf6 4. e5 Ng4 5. Qe2 d6 6. exd6 Qxd6 7. Ne4 Qc7 8. Nxc5 e5 9. d4 Be7 10. h3 Nxd4 11.
Nxd4 exd4 12. Nd3 Nf6 13. Bf4 Qb6 14. g3 O-O 15. Bg2 Bb4+ 16. Kf1 Bf5 17. Kg1 Rfe8 18.
Qd1 Rac8 19. a3 Bf8 20. Qd2 Ne4 21. Qd1 Nc5 22. Rb1 Be4 23. Kh2 Bxg2 24. Kxg2 Nxd3 25.
cxd3 Qc6+ 26. Qf3 Qxf3+ 27. Kxf3 Rc2 28. Rhe1 Rec8 29. Rbc1 f6 30. Rxc2 Rxc2 31. Re2 Rc6 32. Re8 g5 33. Bd2 Kf7 34. Rb8 Rc7 35. g4 b6 36. Bb4 Bxb4 37. axb4 Ke6 38. Ke4 Rc2 39. Re8+ Kd6 40. Rd8+ Ke6 41. f4 gxf4 42. Kxf4 Rxb2 43. Rxd4 Rh2 44. Kg3 Rb2 45. Re4+ Kd6 46. h4 a5 47.
bxa5 bxa5 48. Ra4 Rb3 49. Rxa5 Rxd3+ 50. Kf4 Ke6 51. Ra7 Rd4+ 52. Kf3 Rd3+ 53. Ke4 Rg3 54. Kf4 Rb3 55. Rxh7 Rb4+ 56. Kf3 Rb3+ 57. Kf2 Rb2+ 58. Ke3 Rb3+ 59. Kd2 Rg3 60. Rg7 Rh3 61. h5 Ke5 62. Ke2 Kf4 63. Kf2 f5 64. gxf5 Kxf5 65.
Rh7 Kg5 66. Kg2 Rxh5 67. Rxh5+ Kxh5 1/2-1/2

[Event "Early-Titled-Tuesday-Blitz-October-17-2023"]
[Site "Chess.com"]
[Date "2023.10.17"]
[Round "9"]
[White "Nuvas"]
[Black "GeorgiosSouleidis"]
[Result "1-0"]
[WhiteElo "2819"]
[BlackElo "2617"]
[TimeControl "180+1"]
[EndTime "9:49:27 PDT"]
[Termination "Nuvas won on time"]

1. d4 Nf6 2. c4 g6 3. Nc3 Bg7 4.
e4 d6 5. Be2 O-O 6. Bg5 Na6 7. Qd2 e5 8. d5 c6 9. O-O-O cxd5 10.
Nxd5 Be6 11. f3 Bxd5 12. cxd5 Rc8+ 13. Kb1 Nc5 14. Nh3 Qb6 15. Be3 Nfd7 16. g4 a5 17. Nf2 Qd8 18. Bb5 a4 19. Rc1 Ra8 20. Rc4 f5 21. gxf5 gxf5 22. Rg1 f4 23. Bxc5 Nxc5 24. Nd3 Nxd3 25. Qxd3 Qb6 26. Rcc1 a3 27. bxa3 Ra5 28. a4 Rxa4 29. Qb3 Ra5 30. Bd7 Qf2 31. Qb2 Qxf3 32.
Qg2 Qxg2 33. Rxg2 Kh8 34. Rcg1 f3 35. Rf2 Bh6 36. Rgf1 Ra3 37. Bf5 Re3 38. Rxf3 Rxf3 39. Rxf3 Bf4 40. Rb3 Rf7 41. Rb6 Rg7 42. Rxd6 Rg1+ 43.
Kb2 Rg2+ 44. Kb3 Rxh2 45. Rd8+ Kg7 46. Rd7+ Kf6 47. Bxh7 Bc1 48. a4 Rb2+ 49. Kc4 Bd2 50. Bf5 Rb4+ 51. Kd3 Be1 52. Rd6+ Ke7 53. Re6+ Kf7 54.
Rxe5 Rxa4 55. d6 Bg3 56. Rd5 Ke8 57. d7+ Kd8 58. Rc5 Bc7 59. Rc1 Ra3+ 60. Ke2 Rg3 61. Rh1 Rg8 62. Rh7 b5 63. Kd3 Be5 64. Kc2 Kc7 65. Kb3 Rb8 66. Re7 1-0

[Event "Early-Titled-Tuesday-Blitz-October-17-2023"]
[Site "Chess.com"]
[Date "2023.10.17"]
[Round "9"]
[White "vladgoncharov"]
[Black "GothamChess"]
[Result "1-0"]
[WhiteElo "2569"]
[BlackElo "2672"]
[TimeControl "180+1"]
[EndTime "9:49:27 PDT"]
[Termination "vladgoncharov won on time"]

1. d4 f5 2. Nf3 Nf6 3. c4 e6 4. Nc3 Bb4 5. Bd2 O-O 6. Qc2 Bxc3 7.
Bxc3 b6 8. g3 Bb7 9. Bg2 Be4 10.
Qc1 d6 11. O-O Qe7 12. b4 Nbd7 13. Rd1 a6 14. c5 Nd5 15. Be1 a5 16. cxb6 cxb6 17. bxa5 bxa5 18. Qa3 N7b6 19. Rdc1 Rfc8 20. Rxc8+ Nxc8 21. Rc1 Ncb6 22. Qb3 a4 23. Qb5 h6 24. a3 Qd7 25. Qxd7 Nxd7 26. Nd2 Bxg2 27. Kxg2 Rb8 28. Rc6 Rb6 29. Rc8+ Kf7 30. Nc4 Ra6 31. Ba5 Ke7 32. Bd8+ Kf7 33. e3 Ne7 34. Bxe7 Kxe7 35. Kf3 Ra7 36. Rc6 d5 37. Nb2 g5 38. Ke2 Nf6 39. f3 g4 40. Nd3 gxf3+ 41. Kxf3 Nd7 42. Nf4 Nf8 43. h4 Rb7 44. Ra6 Rb3 45. Rxa4 Nd7 46. Ra7 Rb6 47. a4 Kd6 48. a5 Rc6 49. h5 e5 50. Ng6 Rc3 51. dxe5+ Nxe5+ 52. Nxe5 Kxe5 53. Ke2 Ra3 54. a6 d4 55. exd4+ Kxd4 56. Rg7 Rxa6 57. Rg6 Ra3 58. Kf2 Ke4 59. Rxh6 Ra2+ 60. Kg1 Kf3 61. Rg6 Ra1+ 62. Kh2 Ra2+ 63. Kh3 Ra1 64. Kh4 Rh1+ 65. Kg5 Kxg3 66. Kxf5+ Kf3 67. h6 Rh5+ 68. Kf6 Kf4 69. Kg7 Kf5 70. h7 Rh4 71. Rg1 1-0

[Event "Early-Titled-Tuesday-Blitz-October-17-2023"]
[Site "Chess.com"]
[Date "2023.10.17"]
[Round "9"]
[White "Khuslen2008"]
[Black "pineapplepenn"]
[Result "1-0"]
[WhiteElo "2297"]
[BlackElo "2397"]
[TimeControl "180+1"]
[EndTime "9:49:28 PDT"]
[Termination "Khuslen2008 won on time"]

1. d4 d6 2. c4 Nf6 3. Nc3 e5 4. e4 exd4 5. Qxd4 Nc6 6. Qd1 g6 7. Nf3 Bg7 8. Be2 O-O 9. O-O h6 10.
Be3 Re8 11. Bd3 Bg4 12. Nd5 Nxe4 13. h3 Bxf3 14. Qxf3 Nc5 15. Bc2 Ne5 16. Qe2 c6 17. Nc3 Qe7 18. Rad1 Qe6 19. b3 a5 20. Qd2 Kh7 21. Qxd6 Qxd6 22. Rxd6 Ne6 23. Na4 b5 24.
cxb5 cxb5 25. Nb6 Rad8 26. Rfd1 Rxd6 27. Rxd6 f5 28. f4 Nf7 29. Rd7 Kg8 30. Kf2 b4 31. Ra7 Nd4 32. Bd3 Nc6 33. Rc7 Nfd8 34. Bb5 Re7 35.
Rc8 Kh7 36. Bxc6 Nxc6 37. Rxc6 g5 38. g3 g4 39. hxg4 fxg4 40. Rc8 Re6 41. Ra8 Rc6 42. Rxa5 Rc2+ 43. Ke1 Bc3+ 44. Kf1 Kg6 45. Nd5 h5 46. Nxc3 bxc3 47. Rc5 h4 48. gxh4 Kf6 49. h5 g3 50.
a4 Ke6 51. h6 Rh2 52. Rxc3 Kf5 53. Kg1 Ke4 54. Bb6 1-0

[Event "Early-Titled-Tuesday-Blitz-October-17-2023"]
[Site "Chess.com"]
[Date "2023.10.17"]
[Round "9"]
[White "Emp3rador"]
[Black "crazy_m_attack"]
[Result "1/2-1/2"]
[WhiteElo "2545"]
[BlackElo "2443"]
[TimeControl "180+1"]
[EndTime "9:49:29 PDT"]
[Termination "Game drawn by repetition"]

1. e4 e5 2. Nf3 Nc6 3. d4 exd4 4. Nxd4 Nf6 5. Nc3 Bb4 6. Nxc6 bxc6 7. Bd3 d5 8. exd5 O-O 9. O-O cxd5 10. Bg5 c6 11. Qf3 Bd6 12. h3 Rb8 13. b3 Be5 14. Bf4 Qd6 15.
Bxe5 Qxe5 16. Rfe1 Qg5 17. Na4 Nh5 18. Kh2 Rb4 19.
c4 Qf4+ 20. Qxf4 Nxf4 21. Bf1 d4 22. Rad1 Ne6 23. Be2 c5 24. Bg4 Bd7 25. Bxe6 Bxa4 26. Bd5 Bd7 27. Re7 Be6 28. Bxe6 fxe6 29. f3 a5 30. Rxe6 a4 31. Rd3 axb3 32. axb3 Rfb8 33. Re5 Rxb3 34. Rxb3 Rxb3 35. Rxc5 Rc3 36. Kg3 Rc2 37.
Rc7 d3 38. Rd7 Rxc4 39. Rxd3 h6 40. Re3 Rc2 41. Re4 Kh7 42. Rg4 Kg8 43. Kf4 Kf7 44. Ke5 Rc5+ 45. Ke4 Rc4+ 46. Kd3 Rc7 47. Rc4 Rd7+ 48.
Ke3 Rd1 49. Kf4 Rd2 50. g4 Rh2 51. Rc7+ Kg6 52. Rc6+ Kf7 53. Kg3 Rd2 54. h4 Re2 55. h5 Re3 56. Kf4 Ra3 57. Rc5 Rb3 58. Ke4 Rb4+ 59.
Kf5 Rb3 60. f4 Kg8 61. g5 hxg5 62. fxg5 Kh7 63. Rc8 Rb5+ 64. Kf4 Rb4+ 65. Ke5 Rb5+ 66. Kf4 Rb4+ 67. Kg3 Rb3+ 68. Kg4 Rb4+ 69. Kf5 Rb5+ 70. Kf4 1/2-1/2

[Event "Early-Titled-Tuesday-Blitz-October-17-2023"]
[Site "Chess.com"]
[Date "2023.10.17"]
[Round "9"]
[White "whitemirrorninja"]
[Black "carokannlover213"]
[Result "1/2-1/2"]
[WhiteElo "2549"]
[BlackElo "2725"]
[TimeControl "180+1"]
[EndTime "9:49:31 PDT"]
[Termination "Game drawn by repetition"]

1. e4 c5 2. Nf3 d6 3. d4 cxd4 4. Nxd4 Nf6 5. Nc3 Nc6 6. Nde2 Bg4 7. f3 Bd7 8. Be3 e5 9. Ng3 a6 10. Bc4 Be6 11. Bb3 Na5 12. Qd3 Nxb3 13. axb3 Be7 14.
O-O d5 15. exd5 Nxd5 16. Nxd5 Qxd5 17. Qxd5 Bxd5 18. Nf5 Bf8 19. Rfd1 Be6 20. Nd6+ Bxd6 21. Rxd6 Rd8 22. Bc5 Rxd6 23. Bxd6 f6 24. Kf2 Kf7 25. Bb4 Rd8 26. Ke2 Bf5 27. Rd1 Rc8 28. c3 Rc7 29. Ba5 Rc5 30. b4 Rc8 31. Rd8 Rxd8 32. Bxd8 Ke6 33. g4 Bc2 34. h4 Kd5 35. h5 Ke6 36. Bb6 g6 37. hxg6 hxg6 38. Bc5 Bb3 39. Ke3 Kd5 40.
Be7 Ke6 41. Bd8 Bc4 42. f4 exf4+ 43. Kxf4 g5+ 44. Kf3 Bb3 45. Kg3 b5 46. Bb6 Bd1 47. Bd8 Ke5 48. Bc7+ Ke4 49. Bd8 f5 50. gxf5 Kxf5 51.
Be7 g4 52. Bd8 Ke6 53. Bc7 Kd5 54. Bd8 Kc4 55. Ba5 Kb3 56. Kf4 Kxb2 57. Kg3 Kxc3 58.
Kf4 Kc4 59. Kg3 Bf3 60. Kf4 Kd3 61. Kg3 Kd4 62. Kf4 Kc3 63. Kg3 Kd2 64. Kf4 Ke1 65. Kg3 Kf1 66. Bb6 Ke2 67. Ba5 Kd3 68. Bb6 Kc4 69. Ba5 Kc3 70. Kf4 Kd4 71. Kg3 Kd5 72.
Bb6 a5 73. Bxa5 Kc6 74. Kf4 Kd5 75. Kg3 Kc4 76. Kf2 Kb3 77. Kg3 Kc4 78. Kf2 Kd3 79.
Kg3 Ke3 80. Bb6+ Kd3 81. Ba5 Kc4 1/2-1/2

[Event "Early-Titled-Tuesday-Blitz-October-17-2023"]
[Site "Chess.com"]
[Date "2023.10.17"]
[Round "9"]
[White "Szczor"]
[Black "Lion-Al-Messi"]
[Result "1/2-1/2"]
[WhiteElo "2559"]
[BlackElo "2665"]
[TimeControl "180+1"]
[EndTime "9:49:31 PDT"]
[Termination "Game drawn - insufficient material"]

1. d4 d5 2. c4 c6 3. Nc3 Nf6 4. Nf3 dxc4 5. e4 b5 6. e5 Nd5 7. Be2 Bf5 8. O-O e6 9. a4 Be7 10. axb5 Nxc3 11. bxc3 cxb5 12. Nd2 Nc6 13. Bf3 Rc8 14. Ra6 Qd7 15. Ne4 Bxe4 16. Bxe4 O-O 17. Qc2 g6 18. Bh6 Rfd8 19. Rfa1 Bf8 20. Bg5 Re8 21. Qe2 Rc7 22. Bxc6 Rxc6 23. Rxa7 Rc7 24.
R7a6 Rb8 25. h4 b4 26. cxb4 Bxb4 27. Be3 c3 28. Qc2 Qb5 29. h5 Bf8 30. R6a2 Qb3 31.
Qxb3 Rxb3 32. Rc2 Rb2 33. Rac1 Rxc2 34. Rxc2 gxh5 35. Kf1 Bb4 36. Ke2 Kg7 37. Kd3 Kg6 38. Ke4 Ba5 39. f3 Rb7 40. Bf2 Rb2 41. Kd3 Kf5 42.
Be3 Rb1 43. Bf2 Rd1+ 44. Ke2 Rh1 45. Be1 Rh2 46. Kf2 Rh4 47. Ke3 Rh1 48. Kf2 h4 49.
Bxc3 Bxc3 50. Rxc3 Rd1 51. Rc7 Kg6 52. Ke3 h5 53. Rc8 Ra1 54. Rg8+ Kh7 55. Rf8 Kg7 56.
Rd8 Ra2 57. d5 exd5 58. Rxd5 Rxg2 59. e6 fxe6 60. Rxh5 Rh2 61. Kf4 Kg6 62. Rh8 Ra2 63. Rxh4 Ra4+ 64. Kg3 Ra1 65. Rb4 Kf5 66. Rb5+ e5 67.
Rb8 Ra3 68. Rf8+ Ke6 69. Re8+ Kf6 70. Rf8+ Ke7 71. Rh8 e4 72. Rh4 Rxf3+ 73. Kg2 Re3 74. Kf2 Rf3+ 75. Ke2 Rf6 76. Rxe4+ Re6 77. Rxe6+ Kxe6 1/2-1/2

[Event "Early-Titled-Tuesday-Blitz-October-17-2023"]
[Site "Chess.com"]
[Date "2023.10.17"]
[Round "9"]
[White "Hambardzumyan_Yuri"]
[Black "Maect19"]
[Result "1-0"]
[WhiteElo "2451"]
[BlackElo "2231"]
[TimeControl "180+1"]
[EndTime "9:49:32 PDT"]
[Termination "Hambardzumyan_Yuri won by resignation"]

1. e4 e5 2. Nf3 Nc6 3. Nc3 Nf6 4. d4 exd4 5. Nxd4 Bb4 6. Nxc6 bxc6 7. Bd3 d5 8. exd5 cxd5 9. O-O O-O 10. Bg5 c6 11.
Qf3 Be7 12. Rae1 Be6 13. h3 h6 14. Bd2 Nd7 15. Qg3 Bg5 16. Bxg5 Qxg5 17. Ne2 Qxg3 18.
fxg3 Rfe8 19. b3 a5 20. Bf5 Bxf5 21. Rxf5 Re3 22. Rff1 Rae8 23. Kf2 c5 24. Nf4 d4 25. Nd5 R3e5 26. Nf4 f6 27. Nd3 Re3 28. Rxe3 Rxe3 29.
Re1 Rxe1 30. Kxe1 Kf7 31. Nb2 Nb6 32. Ke2 Ke6 33. Kd3 Kd5 34. a4 f5 35. h4 g6 36.
c3 dxc3 37. Kxc3 g5 38. Kd3 Kd6 39. Nd1 Nd5 40. Nb2 Nb6 41. h5 Kd5 42. Nd1 c4+ 43. bxc4+ Nxc4 44. Nc3+ Kc5 45. Ke2 Kb4 46. Nd5+ Kxa4 47. Ne7 Kb3 48. Nc6 a4 49. Nd4+ Kb2 50. Nb5 a3 51. Nxa3 Kxa3 52. Kd3 Kb4 53. Kd4 Nd2 54. Ke5 Nf1 55. Kxf5 Nxg3+ 56. Kg6 g4 57. Kxh6 Ne4 58. Kg6 Nc5 59. Kf5 Nb7 60. h6 Nd6+ 61.
Ke6 Ne4 62. Kf5 Nd6+ 63. Kxg4 Kc5 64. h7 Nf7 65. Kf5 Kd6 66. Kf6 Nh8 67. g4 Kd7 68. g5 Ke8 69. g6 1-0